 Dungeon Crawl Stone Soup version 0.22-a0-458-gb446440 (webtiles) character file.

227730 4thArraOfDagon the Warrior (level 19, -10/185 HPs)
             Began as a Hill Orc Monk on June 8, 2018.
             Was a High Priest of Beogh.
             Mangled by a wolf spider (11 damage)
             ... on level 4 of the Spider Nest.
             The game lasted 01:50:55 (17705 turns).

4thArraOfDagon the Warrior (Hill Orc Monk)         Turns: 17705, Time: 01:50:55

Health: -10/185    AC:  8    Str: 14 (16) XL:     19   Next: 39%
Magic:  0/30       EV: 16    Int:  9 (10) God:    Beogh [*****.]
Gold:   2179       SH:  0    Dex: 17      Spells: 16/30 levels left

rFire    + . .     SeeInvis .   H - +8 battleaxe (vamp)
rCold    + + +     Gourm    .   (shield currently unavailable)
rNeg     + + +     Faith    .   M - +0 troll leather armour
rPois    +         Spirit   .   w - +2 hat
rElec    +         Reflect  .   T - +2 cloak
rCorr    .         Harm     .   x - +0 pair of gloves
MR       +....                  E - +2 pair of boots of Time Monsters {*Drain rElec rPois rN++}
Stlth    ++........             k - amulet "Ceggen" {rC++ Regen+ Int-3 Dex+4 Slay+3}
HPRegen  1.20/turn              L - ring of poison resistance
MPRegen  0.22/turn              Y - ring of Suspicion {rC++ rN+ Int-3 Slay+3}

@: lethally poisoned (-10 -> -10), corroded
A: walk on water, antennae 1, talons 1, cold resistance 1, fire resistance 1
}: 1/15 runes: barnacled
a: Smiting, Recall Orcish Followers, Give Item to Named Follower, Renounce
Religion


You were on level 4 of the Spider Nest.
You worshipped Beogh.
Beogh was extremely pleased with you.
You were hungry.

You visited 6 branches of the dungeon, and saw 33 of its levels.
You visited the Abyss 3 times.
You also visited: Bailey and Ice Cave.

You collected 3478 gold pieces.
You spent 1299 gold pieces at shops.

Inventory:

Hand Weapons
 H - a +8 vampiric battleaxe (weapon)
Missiles
 G - 3 throwing nets (quivered)
Armour
 w - a +2 hat (worn)
 x - a +0 pair of gloves (worn)
 E - the +2 pair of boots of Time Monsters (worn) {*Drain rElec rPois rN++}
   (You found it on level 11 of the Dungeon)

   It insulates you from electricity.
   It protects you from poison.
   It greatly protects you from negative energy.
   It causes draining when unequipped.
 M - a +0 troll leather armour (worn)
 T - a +2 cloak (worn)
Jewellery
 g - an uncursed ring of wizardry
 k - the amulet "Ceggen" (around neck) {rC++ Regen+ Int-3 Dex+4 Slay+3}
   (You took it off a deep elf annihilator on level 3 of the Elven Halls)

   [amulet of regeneration]

   It affects your intelligence (-3).
   It affects your dexterity (+4).
   It affects your accuracy and damage with ranged weapons and melee attacks
   (+3).
   It greatly protects you from cold.
   It increases your rate of regeneration.
 o - an uncursed ring of see invisible
 p - an uncursed ring of protection from fire
 r - the ring "Mueliarr" {Str+2 Int+2 Dex+3 Stlth-}
   (You took it off a deep elf sorcerer on level 3 of the Elven Halls)

   [ring of loudness]

   It affects your strength (+2).
   It affects your intelligence (+2).
   It affects your dexterity (+3).
   It makes you less stealthy.
 L - a ring of poison resistance (left hand)
 Y - the ring of Suspicion (right hand) {rC++ rN+ Int-3 Slay+3}
   (You bought it in a shop on level 2 of the Orcish Mines)

   [ring of positive energy]

   It affects your intelligence (-3).
   It affects your accuracy and damage with ranged weapons and melee attacks
   (+3).
   It greatly protects you from cold.
   It protects you from negative energy.
Wands
 a - a wand of iceblast (23)
 q - a wand of paralysis (17)
 F - a wand of flame (81)
 S - a wand of enslavement (22)
 Z - a wand of acid (8)
Scrolls
 d - a scroll of torment
 e - 3 scrolls of fog
 i - 3 scrolls of magic mapping
 j - 5 scrolls of remove curse
 m - 2 scrolls of amnesia
 y - 11 scrolls of teleportation
 A - 3 scrolls of blinking
 N - 4 scrolls of fear
 P - 2 scrolls of identify
 W - 2 scrolls of silence
 X - 2 scrolls of immolation
Potions
 f - a potion of ambrosia
 h - 3 potions of might
 l - 2 potions of cancellation
 n - 2 potions of flight
 t - 4 potions of brilliance
 v - a potion of invisibility
 z - 4 potions of haste
 C - 3 potions of lignification
 D - 3 potions of magic
 I - 5 potions of curing
 K - 3 potions of agility
 O - 2 potions of resistance
 R - 2 potions of mutation
 U - 4 potions of heal wounds
Miscellaneous
 b - a sack of spiders
 B - a box of beasts
 Q - a phial of floods
Comestibles
 c - 49 rations
 s - 4 chunks of flesh


   Skills:
 - Level 20.2 Fighting
 - Level 20.0 Axes
 - Level 11.0 Armour
 - Level 7.1 Dodging
 - Level 1.5 Stealth
 + Level 6.0 Spellcasting
 - Level 5.2 Charms
 - Level 5.6 Necromancy
 - Level 2.6 Translocations
 * Level 9.2 Transmutations
 * Level 11.8 Earth Magic
 - Level 15.4 Invocations


You had 16 spell levels left.
You knew the following spells:

 Your Spells              Type           Power        Failure   Level  Hunger
a - Regeneration          Chrm/Necr      ##........   9%          3    ###....
b - Apportation           Tloc           #.....       9%          1    None
c - Passage of Golubria   Tloc           N/A          65%         4    ####...
d - Statue Form           Tmut/Erth      ###......    47%         6    #######

Your spell library contained the following spells:

 Spells                   Type           Power        Failure   Level  Hunger
 Fireball                 Conj/Fire      #.........   100%        5    ######.
 Conjure Flame            Conj/Fire      #.......     61%         3    ###....
 Bolt of Cold             Conj/Ice       #.........   100%        6    #######
 Invisibility             Hex            #.......     100%        6    #######
 Throw Flame              Conj/Fire      #.....       36%         2    ##.....
 Throw Frost              Conj/Ice       #.....       36%         2    ##.....
 Freezing Cloud           Conj/Ice/Air   #.........   100%        6    #######
 Teleport Other           Tloc           #.......     26%         3    ###....
 Summon Small Mammal      Summ           #...         26%         1    None
 Blink                    Tloc           N/A          13%         2    ##.....
 Animate Dead             Necr           N/A          26%         4    ####...
 Pain                     Necr           ##..         2%          1    None
 Animate Skeleton         Necr           N/A          2%          1    None
 Vampiric Draining        Necr           ##........   8%          3    ###....
 Ozocubu's Refrigeration  Ice            #.........   100%        6    #######
 Sticky Flame             Conj/Fire      #.......     95%         4    ####...
 Summon Ice Beast         Ice/Summ       #.......     95%         4    ####...
 Ozocubu's Armour         Chrm/Ice       #.......     26%         3    ###....
 Call Imp                 Summ           #.......     36%         2    ##.....
 Sublimation of Blood     Necr           ##........   4%          2    ##.....
 Summon Demon             Summ           #.........   100%        5    ######.
 Corpse Rot               Necr           N/A          4%          2    ##.....
 Swiftness                Chrm/Air       #.......     14%         2    ##.....
 Recall                   Summ/Tloc      N/A          41%         3    ###....
 Ice Form                 Ice/Tmut       ##......     36%         4    ####...
 Dragon Form              Tmut           ###.......   99%         7    #######
 Death Channel            Necr           ##........   99%         6    #######
 Throw Icicle             Conj/Ice       #.......     95%         4    ####...
 Shadow Creatures         Summ           N/A          100%        6    #######
 Confusing Touch          Hex            #.....       26%         1    None
 Flame Tongue             Conj/Fire      #....        26%         1    None
 Passwall                 Tmut/Erth      ###.....     1%          2    ##.....
 Ignite Poison            Fire/Tmut/Pois #.......     22%         3    ###....
 Call Canine Familiar     Summ           #.......     61%         3    ###....
 Metabolic Englaciation   Hex/Ice        #.........   100%        5    ######.
 Alistair's Intoxication  Tmut/Pois      ##......     73%         5    ######.
 Lee's Rapid Deconstruct  Erth           ###.......   6%          5    ######.
 Simulacrum               Ice/Necr       #.........   100%        6    #######
 Petrify                  Tmut/Erth      ###.....     3%          4    ####...
 Darkness                 Hex            #.........   100%        6    #######
 Shroud of Golubria       Chrm/Tloc      #.........   8%          2    ##.....
 Inner Flame              Hex/Fire       #.......     61%         3    ###....
 Aura of Abjuration       Summ           #.........   100%        5    ######.
 Summon Forest            Summ/Tloc      #.........   99%         5    ######.
 Summon Lightning Spire   Summ/Air       #.......     95%         4    ####...
 Summon Guardian Golem    Hex/Summ       #.......     61%         3    ###....
 Summon Mana Viper        Hex/Summ       #.......     100%        5    ######.
 Hydra Form               Tmut           ###.......   65%         6    #######
 Irradiate                Conj/Tmut      ##........   73%         5    ######.
 Gell's Gravitas          Tloc           #.........   26%         3    ###....
 Lesser Beckoning         Tloc           #.........   26%         3    ###....
 Borgnjor's Vile Clutch   Necr/Erth      ###.......   21%         5    ######.


Dungeon Overview and Level Annotations

Branches:
Dungeon (14/15)            Temple (0/1) D:6            Lair (6/6) D:10
 Shoals (4/4) Lair:2       Spider (4/4) Lair:4        Slime (0/5) Lair:5
    Orc (2/2) D:10            Elf (3/3) Orc:2        Vaults (0/5) D:13

Altars:
Gozag
Okawaru
Qazlal
Sif Muna
Xom
Yredelemnul
Zin
Beogh
Jiyva

Shops:
D:6 %=[!(   D:12 !   D:13 !(*[   Orc:1 ([[[   Orc:2 %*=(   Elf:1 }

Portals:
Trove: Elf:1 (give 12 potions of heal wounds)

Annotations:
D:14 junkhipster's ghost, journeyman GrFi


Innate Abilities, Weirdness & Mutations

You can walk on water.
You have a pair of small antennae on your head.
You have sharp toenails.
Your flesh is cold resistant. (rC+)
Your flesh is heat resistant. (rF+)


Message History

You feel weakened. Something stings you.
* * * LOW HITPOINT WARNING * * *
Your orc warrior hits the wolf spider with a falchion!!
Unknown command.
Unknown command.
You swap places.
You feel sick. The wolf spider hits you.
* * * LOW HITPOINT WARNING * * *
The wolf spider misses you.
You feel you are being watched by something.
Something hits your orc warrior! x2; Something misses your orc warrior.
Grimold calls upon Beogh to heal your orc warrior.
Your orc warrior is healed somewhat.
The electric eel shoots out a bolt of lightning at you!
The bolt of electricity hits your orc warrior.
The bolt of electricity hits you! You resist.
* * * LOW HITPOINT WARNING * * *
Your orc warrior hits the electric eel with a falchion.
The wolf spider hits you!
You die...

#..^... #≈≈##
##..... ≈..≈#
#..... ##≈...
##.... #.
##≈≈... ###..
#≈^ ##...≈#
#.. ##≈≈
#≈..≈# #..
#≈≈###≈s;≈#
#..
#≈≈#≈(@o{≈#
≈## #..
#≈≈...≈o#≈.#
≈.≈###..
##≈..o###
..###..# #...
##†††≈##
###≈..# #...
#≈..)≈#
##≈≈.≈# ##...
##≈.†.##
#≈...# #..)#
#..≈###
##≈.≈≈## #....
#≈.##
#..†##.###....
#≈.≈#
#≈†.##...'....


You could see a wolf spider, an electric eel, a friendly orc knight, a friendly
orc warrior and the friendly Grimold the orc priest.

Vanquished Creatures
  A bone dragon (Abyss:3)
  A lich (Abyss:2)
  Asterion (Elf:3)
  A deep elf blademaster (Elf:3)
  A kraken (Shoals:4)
  Kirke (Spider:1)
  Gastronok (D:12)
  3 ghost moths
  An orc warlord (Orc:2)
  A cacodemon (Abyss:2)
  5 deep elf sorcerers (Elf:3)
  4 emperor scorpions
  3 deep elf elementalists (Elf:3)
  5 entropy weavers (Spider:4)
  9 large abominations
  4 deep elf annihilators (Elf:3)
  Azrael (Spider:3)
  A deep elf demonologist (Elf:3)
  2 spark wasps (Spider:2)
  3 merfolk javelineers
  2 blizzard demons (IceCv)
  A fire dragon (Lair:6)
  2 merfolk impalers (Shoals:4)
  A fire dragon (shapeshifter) (D:13)
  A great orb of eyes (Abyss:2)
  5 hydras
  3 alligator snapping turtles
  7 two-headed ogres
  3 satyrs
  A merfolk aquamancer (Shoals:4)
  A thrashing horror (Abyss:3)
  2 dancing weapons (Elf:3)
  A tengu warrior (D:13)
  3 orc high priests
  3 wretched stars
  A deep elf knight (Elf:3)
  3 starcursed masses (Abyss:3)
  8 sea snakes
  A swamp dragon (Lair:6)
  3 deep elf archers
  4 unseen horrors
  A necromancer (Lair:3)
  16 wolf spiders
  An iron dragon zombie (Abyss:2)
  3 orc sorcerers
  12 deep elf magi
  An orc knight (Orc:2)
  7 harpies
  19 orb spiders
  2 oklob plants (Lair:4)
  5 cyclopes
  7 manticores
  3 fauns
  6 merfolk sirens
  4 elephants (Lair:5)
  2 moths of wrath
  5 black mambas
  2 smoke demons
  3 torpor snails
  A guardian serpent (Lair:6)
  3 rime drakes (Lair:6)
  5 komodo dragons
  3 water nymphs
  5 freezing wraiths
  An orange demon (Abyss:2)
  14 spiny frogs
  7 ice devils
  9 demonic crawlers
  A tormentor (Abyss:3)
  3 anaconda simulacra (IceCv)
  A tengu conjurer (D:13)
  2 golden dragon simulacra (IceCv)
  An ancient zyme (Abyss:2)
  11 merfolk
  2 meliai (Spider:2)
  33 jumping spiders
  A merfolk (shapeshifter) (D:13)
  3 trolls
  7 wind drakes
  A queen bee (Spider:2)
  4 slime creatures (D:13)
  18 blink frogs
  4 hornets
  16 dream sheep
  10 hippogriffs
  12 raiju
  2 snapping turtles
  25 tarantellas
  6 wyverns
  40 redbacks
  A water elemental (Shoals:3)
  3 ynoxinuls
  The ghost of Fingolfin the Sneak, an amateur NaWn (D:3)
  2 dire elephant simulacra (IceCv)
  45 yaks
  5 wraiths
  2 basilisks
  2 fire elementals (Spider:3)
  3 steam dragons
  2 neqoxecs (Abyss:2)
  A chaos spawn (Abyss:2)
  2 death yak simulacra (IceCv)
  A harpy simulacrum (IceCv)
  A vampire mosquito (D:14)
  2 wargs
  An acid dragon (Lair:6)
  A soldier ant (D:12)
  2 hydra simulacra (IceCv)
  4 small abominations
  4 hell hounds (Spider:3)
  11 water moccasins
  2 iron troll simulacra (IceCv)
  13 porcupines
  A swamp drake (Lair:6)
  An ice beast (D:11)
  2 sky beasts
  A phantom (D:10)
  3 necrophages (D:9)
  2 alligator simulacra (IceCv)
  2 black bears
  23 orc warriors
  3 ettin simulacra (IceCv)
  2 centaurs
  9 ogres
  13 wolves
  13 crocodiles
  8 bullfrogs
  2 earth elementals (Elf:3)
  2 wyvern skeletons
  3 scorpions
  25 killer bees
  An elephant simulacrum (IceCv)
  3 electric eels
  A howler monkey (D:5)
  5 wights
  3 crimson imps
  3 quasits
  2 centaur zombies
  2 bullfrog zombies
  A jelly (D:6)
  7 hounds
  8 orc priests (Orc:2)
  2 iguanas
  14 orc wizards
  A bullfrog skeleton (D:10)
  3 centaur skeletons
  8 worker ants
  A spriggan simulacrum (IceCv)
  4 troll simulacra (IceCv)
  4 polar bear simulacra (Lair:3)
  3 wolf simulacra (Lair:3)
  A yak simulacrum (Lair:3)
  A killer bee zombie (D:9)
  A centaur simulacrum (IceCv)
  A hound skeleton (D:8)
  2 worker ant zombies
  2 mummies (D:9)
  4 gnolls (D:2)
  An ogre simulacrum (IceCv)
  8 adders
  A naga simulacrum (IceCv)
  3 river rats (D:10)
  A shadow imp (D:6)
  8 white imps (IceCv)
  4 ufetubi (IceCv)
  An adder zombie (D:9)
  2 dart slugs
  A leopard gecko (D:4)
  27 orcs
  3 giant cockroaches
  3 hobgoblins
  9 jackals
  4 quokkas
  A ball python (D:2)
  2 bats
  2 frilled lizards
  8 goblins
  3 kobolds
  A quokka skeleton (D:4)
  2 rats (D:1)
  3 river rat simulacra (Lair:3)
  A crawling corpse (Elf:3)
  2 fungi
  15 plants
  3 tentacles
888 creatures vanquished.

Vanquished Creatures (collateral kills)
  A deep elf blademaster (Elf:3)
  A deep elf master archer (Elf:3)
  Frances (Shoals:1)
  A kraken (Shoals:3)
  An orc warlord (Orc:2)
  Aizul (Elf:3)
  4 deep elf sorcerers (Elf:3)
  A deep elf elementalist (Elf:3)
  The ghost of Salmacis the Severer, a journeyman HOFi of Gozag (Orc:1)
  5 deep elf demonologists (Elf:3)
  5 deep elf annihilators (Elf:3)
  Snorg (D:12)
  3 deep elf high priests (Elf:3)
  2 merfolk impalers (Shoals:4)
  A merfolk avatar (Shoals:2)
  4 hydras
  3 alligator snapping turtles
  A catoblepas (Lair:6)
  A death knight (D:13)
  3 orc high priests (Orc:2)
  The ghost of kirsanium the Thaumaturge, a novice DEFE of Vehumet (Lair:2)
  A small abomination (Elf:3)
  3 deep elf knights (Elf:3)
  6 sea snakes
  A deep elf archer (Elf:3)
  A harpy (shapeshifter) (Elf:2)
  5 harpies
  A wolf spider zombie (D:13)
  3 fauns (Shoals:2)
  5 orb spiders (Spider:3)
  5 wolf spiders
  4 manticores
  An orc sorcerer (Elf:3)
  11 deep elf magi
  2 elephants (Lair:5)
  A merfolk siren (Shoals:1)
  A water nymph (Shoals:4)
  4 black mambas (Lair:6)
  12 spiny frogs
  A rime drake (Lair:5)
  5 komodo dragons
  3 demonic crawlers
  A troll (D:10)
  5 merfolk
  3 jumping spiders
  2 hornets (Lair:6)
  A slime creature (D:13)
  13 blink frogs
  2 hippogriffs
  7 dream sheep
  2 snapping turtles
  4 redbacks
  3 tarantellas
  4 water elementals
  14 yaks
  A fire elemental (Spider:3)
  5 wyverns
  2 basilisks (Lair:6)
  8 water moccasins
  15 orc warriors
  A sky beast (D:12)
  A phantom (D:11)
  16 wolves
  2 ogres (Orc:2)
  4 crocodiles
  4 bullfrogs
  An earth elemental (Elf:2)
  2 killer bees
  3 wights (D:12)
  9 orc priests
  A bullfrog skeleton (D:12)
  5 orc wizards
  14 orcs
  A rat (D:10)
  A crawling corpse (Elf:3)
  8 fungi
  10 plants
  4 tentacles
297 creatures vanquished.

Vanquished Creatures (others)
  7 orc knights
  An orc sorcerer (Abyss:2)
  2 redbacks (Spider:4)
  23 orc warriors
  3 humans (Spider:1)
  A water moccasin (Lair:6)
  A killer bee (Spider:2)
  21 orc priests
  12 orc wizards
  An ufetubus (IceCv)
  71 orcs
  A crawling corpse (Elf:3)
  11 fungi
  43 plants
  10 tentacles
208 creatures vanquished.

Grand Total: 1393 creatures vanquished

Notes
Turn   | Place    | Note
-------+----------+-------------------------------------------
     0 | D:1      | 4thArraOfDagon the Hill Orc Monk began the quest for the Orb.
     0 | D:1      | Reached XP level 1. HP: 19/19 MP: 1/1
    54 | D:2      | Found a stormy altar of Qazlal.
    90 | D:2      | Reached XP level 2. HP: 27/27 MP: 2/2
   147 | D:2      | wow
   147 | D:2      | Reached skill level 5 in Axes
   147 | D:2      | Reached XP level 3. HP: 7/33 MP: 3/3
   260 | D:3      | Found a shimmering altar of Xom.
   347 | D:4      | Found a basalt altar of Yredelemnul.
   373 | D:4      | Became a worshipper of Beogh the Brigand
   373 | D:4      | Reached * piety under Beogh
   373 | D:4      | Reached ** piety under Beogh
   428 | D:4      | Reached skill level 1 in Invocations
   428 | D:4      | Reached XP level 4. HP: 33/41 MP: 1/4
   491 | D:4      | Noticed an ogre
   504 | D:4      | Reached XP level 5. HP: 38/47 MP: 6/6
   511 | D:4      | Found a glowing silver altar of Zin.
   526 | D:4      | Killed an ogre
   526 | D:4      | Reached skill level 5 in Fighting
   603 | D:5      | Entered Level 5 of the Dungeon
   615 | D:5      | Reached XP level 6. HP: 33/56 MP: 6/8
   620 | D:5      | You fall through a shaft!
   621 | D:6      | WOW
   639 | D:6      | Found Resimus's Jewellery Emporium.
   647 | D:6      | :(
   649 | D:6      | bad
   681 | D:6      | Found Wovoan's Weapon Emporium.
   701 | D:6      | Found a staircase to the Ecumenical Temple.
   727 | D:6      | Found Memus's Distillery.
   733 | D:6      | Bought a potion of might for 52 gold pieces
   733 | D:6      | Found Ycehyeliv's Armour Boutique.
   747 | D:6      | Found Usur's Food Boutique.
   917 | D:7      | no hp
   979 | D:7      | Found a flagged portal.
  1059 | Bailey   | Entered a bailey
  1070 | Bailey   | Noticed a deep elf mage
  1075 | D:7      | bad laout
  1246 | D:4      | Reached XP level 7. HP: 35/61 MP: 9/9
  1271 | D:4      | Got a slimy leather armour
  1282 | D:4      | Identified the +3 leather armour of the Trombone {*Slow +Fly MR+ Str+2} (You found it on level 4 of the Dungeon)
  1300 | D:4      | Learned a level 3 spell: Regeneration
  1450 | D:3      | Noticed Fingolfin's ghost (amateur NaWn)
  1462 | D:3      | Killed Fingolfin's ghost
  1462 | D:3      | Reached skill level 1 in Charms
  1462 | D:3      | Reached skill level 1 in Necromancy
  1463 | D:3      | Found an iron altar of Okawaru.
  2135 | D:5      | Reached skill level 1 in Spellcasting
  2135 | D:5      | Reached XP level 8. HP: 56/70 MP: 11/11
  2193 | D:5      | Noticed a wyvern
  2204 | D:5      | Killed a wyvern
  2339 | D:7      | Found an opulent altar of Gozag.
  2339 | D:7      | Noticed a hippogriff
  2392 | D:7      | Reached skill level 5 in Invocations
  2474 | D:8      | Noticed a two-headed ogre
  2487 | D:8      | Killed a two-headed ogre
  2487 | D:8      | Reached XP level 9. HP: 18/78 MP: 8/13
  2501 | D:8      | Got a steaming leather armour
  2514 | D:8      | Identified the +0 leather armour "Cacad" {rElec} (You found it on level 8 of the Dungeon)
  2531 | D:8      | Found a transporter.
  2564 | D:8      | Found a transporter.
  2680 | D:8      | Reached *** piety under Beogh
  2740 | D:8      | Reached skill level 10 in Axes
  2778 | D:9      | Noticed a merfolk
  2787 | D:9      | Killed a merfolk
  2839 | D:9      | Noticed a troll
  2842 | D:9      | Killed a troll
  2902 | D:9      | Reached skill level 5 in Necromancy
  3100 | D:9      | Reached XP level 10. HP: 53/85 MP: 3/14
  3101 | D:9      | Reached skill level 5 in Charms
  3391 | D:6      | Bought a +0 vampiric battleaxe for 301 gold pieces
  3508 | D:10     | Entered Level 10 of the Dungeon
  3694 | D:10     | Noticed a death yak
  3963 | D:10     | Noticed a two-headed ogre
  3972 | D:10     | Killed a two-headed ogre
  3997 | D:10     | Noticed a death yak
  4026 | D:10     | Noticed a death yak
  4215 | D:11     | Noticed an unseen horror
  4221 | D:11     | Killed an unseen horror
  4227 | D:11     | Got a pair of shimmering boots
  4238 | D:11     | Identified the +2 pair of boots of Time Monsters {*Drain rElec rPois rN++} (You found it on level 11 of the Dungeon)
  4288 | D:11     | Thaneod: gdzie zginales?
  4300 | D:11     | Gained mutation: Your spells are a little easier to cast, but a little less powerful. [potion of mutation]
  4300 | D:11     | Gained mutation: Scrolls take you a little longer to read. [potion of mutation]
  4300 | D:11     | Gained mutation: You are partially covered in molten scales. (AC +2) [potion of mutation]
  4301 | D:11     | Lost mutation: Scrolls take you a little longer to read. [potion of mutation]
  4301 | D:11     | Lost mutation: Your spells are a little easier to cast, but a little less powerful. [potion of mutation]
  4301 | D:11     | Lost mutation: You are partially covered in molten scales. (AC +2) [potion of mutation]
  4301 | D:11     | Gained mutation: You are resistant to electric shocks. (rElec) [potion of mutation]
  4301 | D:11     | Gained mutation: You are frail. (-10% HP) [potion of mutation]
  4301 | D:11     | Gained mutation: You expend magic power (3 MP) to strengthen your wands. [potion of mutation]
  4339 | D:12     | Reached **** piety under Beogh
  4357 | D:12     | 4thArraOfDagon: w zigu
  4358 | D:12     | Noticed an unseen horror
  4363 | D:12     | Reached XP level 11. HP: 85/86 MP: 13/17
  4374 | D:12     | Killed an unseen horror
  4387 | D:12     | 4thArraOfDagon: silence bylo
  4505 | D:12     | Noticed Snorg
  4519 | D:12     | Killed Snorg
  4560 | D:12     | Noticed a manticore
  4569 | D:12     | Killed a manticore
  4614 | D:12     | Got a dazzling leather armour
  4620 | D:12     | Thaneod: w niedziele po monitor wpadne chyba
  4625 | D:12     | Learned a level 1 spell: Apportation
  4625 | D:12     | Identified the cursed +0 leather armour of Oblivion {rF++} (You found it on level 12 of the Dungeon)
  4639 | D:12     | Found a basalt altar of Yredelemnul.
  4678 | D:12     | Thaneod: jakiegos kompa tez wam dali:>?
  4704 | D:12     | 4thArraOfDagon: nieee
  4704 | D:12     | 4thArraOfDagon: ale
  4704 | D:12     | 4thArraOfDagon: za to
  4704 | D:12     | 4thArraOfDagon: niema kabla zasilajacego
  4704 | D:12     | 4thArraOfDagon: taka promocja :D
  4762 | D:14     | Thaneod: oo panie
  4785 | D:14     | Noticed a seven-headed hydra
  4827 | D:14     | Noticed a wizard
  4906 | D:13     | Reached skill level 10 in Fighting
  4948 | D:13     | Noticed a tengu warrior
  4968 | D:13     | Killed a tengu warrior
  4968 | D:13     | Reached skill level 10 in Invocations
  5017 | D:13     | Noticed a cyclops
  5043 | D:13     | Killed a cyclops
  5048 | D:13     | Noticed a deep troll
  5052 | D:13     | Noticed an eight-headed hydra
  5052 | D:13     | a deep troll changed into an eight-headed hydra
  5072 | D:13     | Noticed a five-headed hydra
  5077 | D:13     | Killed a five-headed hydra
  5111 | D:13     | Noticed a two-headed ogre
  5139 | D:13     | Killed a two-headed ogre
  5139 | D:13     | Reached skill level 15 in Axes
  5139 | D:13     | Reached XP level 12. HP: 86/97 MP: 1/19
  5168 | D:13     | Found Gaunleys's Distillery.
  5172 | D:13     | Bought a potion of mutation for 112 gold pieces
  5172 | D:13     | Lost mutation: You are resistant to electric shocks. (rElec) [potion of mutation]
  5172 | D:13     | Lost mutation: You are frail. (-10% HP) [potion of mutation]
  5172 | D:13     | Lost mutation: You expend magic power (3 MP) to strengthen your wands. [potion of mutation]
  5172 | D:13     | Gained mutation: Your muscles are strong. (Str +2) [potion of mutation]
  5172 | D:13     | Gained mutation: Your spells are a little easier to cast, but a little less powerful. [potion of mutation]
  5172 | D:13     | Gained mutation: You have sharp toenails. [potion of mutation]
  5172 | D:13     | Gained mutation: You have razor-sharp toenails. [potion of mutation]
  5181 | D:13     | Noticed a spark wasp
  5181 | D:13     | a wolf spider changed into a spark wasp
  5219 | D:14     | Noticed a two-headed ogre
  5238 | D:13     | Killed a two-headed ogre
  5290 | D:13     | Noticed a fire dragon
  5320 | D:13     | Killed a fire dragon
  5349 | D:13     | Found Ureu's Antique Weapon Shop.
  5367 | D:13     | Got a transparent lapis lazuli ring
  5374 | D:13     | Found Jilof's Assorted Antiques.
  5389 | D:13     | Found Guanomah's Antique Armour Shop.
  5390 | D:13     | Noticed a death knight
  5403 | D:13     | HP: 5/165 [mirror damage (18)]
  5405 | D:13     | Killed a death knight
  5542 | D:14     | Noticed junkhipster's ghost (journeyman GrFi)
  5564 | D:13     | Found a gate to the Vaults.
  5592 | D:13     | Identified the cursed ring "Acolemmat" {Dex-2 Stlth+} (You took it off an orc wizard on level 13 of the Dungeon)
  5729 | D:12     | Found Amnom's Distillery.
  5730 | D:12     | Noticed Gastronok
  5739 | D:12     | Bought a potion of might for 72 gold pieces
  5768 | D:12     | Killed Gastronok
  5867 | D:10     | Thaneod: juz myslalem ze pojedynek na smite bedzie z gastronokiem
  5872 | D:10     | Found a roughly hewn altar of Beogh.
  5872 | D:10     | Found a staircase to the Orcish Mines.
  5912 | D:10     | HP: 5/111 [orc warrior/battleaxe (13)]
  5972 | D:10     | Found a staircase to the Lair.
  6040 | Orc:1    | Entered Level 1 of the Orcish Mines
  6045 | Orc:1    | Found Ceematam's Armour Boutique.
  6069 | Orc:1    | Found Gamumnot's Armour Boutique.
  6093 | Orc:1    | Found Acefiliu's Weapon Shop.
  6159 | Orc:2    | Entered Level 2 of the Orcish Mines
  6198 | Orc:2    | Found a roughly hewn altar of Beogh.
  6261 | Orc:2    | Found Muovejai's Food Emporium.
  6267 | Orc:2    | Found Buthren's Assorted Antiques.
  6417 | Orc:2    | Reached XP level 13. HP: 118/118 MP: 22/22
  6532 | Orc:1    | Noticed an orc warlord
  6559 | Orc:2    | Killed an orc warlord
  6872 | Orc:2    | Noticed an orc warlord
  6873 | Orc:2    | Killed an orc warlord
  6890 | Orc:2    | Found a roughly hewn altar of Beogh.
  6959 | Orc:2    | Found Nedubufo's Jewellery Shop.
  6992 | Orc:2    | Found Ganics's Antique Weapon Shoppe.
  7105 | Orc:1    | Found Jear Rotu's Antique Armour Boutique.
  7128 | Orc:1    | Noticed Salmacis's ghost (journeyman HOFi)
  7150 | Orc:1    | Killed Salmacis's ghost
  7238 | Lair:1   | Entered Level 1 of the Lair of Beasts
  7525 | Lair:1   | Reached skill level 1 in Armour
  7952 | Lair:4   | Reached ***** piety under Beogh
  8060 | Lair:4   | Found a hole to the Spider Nest.
  8064 | Lair:4   | Reached XP level 14. HP: 117/129 MP: 23/23
  8365 | Lair:5   | Gained Morguth as an ally
  8404 | Lair:5   | Found a staircase to the Slime Pits.
  8405 | Lair:5   | Found a viscous altar of Jiyva.
  8500 | Lair:6   | Entered Level 6 of the Lair of Beasts
  8530 | Lair:6   | Learned a level 4 spell: Passage of Golubria
  8626 | Lair:6   | Reached skill level 1 in Translocations
  8626 | Lair:6   | Reached skill level 5 in Armour
  8765 | Lair:6   | Reached skill level 5 in Dodging
  8831 | Lair:6   | Reached skill level 15 in Fighting
  9030 | Lair:6   | Reached XP level 15. HP: 98/144 MP: 14/24
  9032 | Lair:6   | Gained Worak as an ally
  9456 | Orc:2    | Bought the ring of Suspicion {rC++ rN+ Int-3 Slay+3} for 762 gold pieces
  9458 | Orc:2    | Lost mutation: Your spells are a little easier to cast, but a little less powerful. [potion of mutation]
  9458 | Orc:2    | Lost mutation: Your muscles are strong. (Str +2) [potion of mutation]
  9458 | Orc:2    | Lost mutation: You have razor-sharp toenails. [potion of mutation]
  9458 | Orc:2    | Gained mutation: Your flesh is heat resistant. (rF+) [potion of mutation]
  9458 | Orc:2    | Gained mutation: Your flesh is cold resistant. (rC+) [potion of mutation]
  9458 | Orc:2    | Gained mutation: You evolve. [potion of mutation]
  9698 | Orc:2    | Gained mutation: You have a pair of small antennae on your head. [evolution]
  9774 | Orc:2    | Found a staircase to the Elven Halls.
  9780 | Elf:1    | Entered Level 1 of the Elven Halls
  9927 | Elf:1    | Found a deep blue altar of Sif Muna.
  9958 | Elf:1    | Found Kofudupy's Gadget Shoppe.
  9998 | Elf:1    | Found a portal to a secret trove of treasure.
 10324 | Elf:3    | Entered Level 3 of the Elven Halls
 10350 | Elf:3    | Found a frozen archway.
 10367 | IceCv    | Entered an ice cave
 10824 | IceCv    | HP: 7/155 [ettin simulacrum (6)]
 10862 | IceCv    | Identified Sif Muna's Handbook of Freezing Black Rituals
 10977 | Elf:3    | Noticed Aizul
 10984 | Elf:3    | Killed Aizul
 11224 | Elf:3    | Noticed Asterion
 11236 | Elf:3    | Noticed a deep elf sorcerer
 11244 | Elf:3    | Killed a deep elf sorcerer
 11244 | Elf:3    | Reached XP level 16. HP: 131/163 MP: 25/25
 11244 | Elf:3    | Killed Asterion
 11308 | Elf:3    | Your ally Morguth died
 11321 | Elf:3    | Reached skill level 5 in Spellcasting
 11331 | Elf:3    | Noticed a deep elf master archer
 11340 | Elf:3    | Killed a deep elf master archer
 11616 | Elf:3    | Gained Bogdar as an ally
 11702 | Elf:3    | Reached skill level 10 in Armour
 11754 | Elf:3    | Cast into level 2 of the Abyss (a deep elf demonologist)
 11763 | Elf:3    | Escaped the Abyss
 11837 | Elf:3    | Cast into level 3 of the Abyss (a deep elf demonologist)
 11937 | Abyss:3  | Found a corrupted altar of Lugonu.
 11999 | Abyss:3  | Found a corrupted altar of Lugonu.
 12166 | Abyss:3  | Noticed a bone dragon
 12186 | Abyss:3  | Killed a bone dragon
 12283 | Elf:3    | Escaped the Abyss
 12319 | Elf:3    | Noticed a deep elf blademaster
 12336 | Elf:3    | Killed a deep elf blademaster
 12416 | Elf:3    | Cast into level 2 of the Abyss (a deep elf sorcerer)
 12567 | Abyss:2  | Noticed a lich
 12580 | Abyss:2  | Killed a lich
 12659 | Abyss:2  | Paralysed by an orc sorcerer for 6 turns
 12784 | Abyss:2  | Noticed a tentacled starspawn
 12787 | Elf:3    | Escaped the Abyss
 12875 | Elf:3    | Reached XP level 17. HP: 168/170 MP: 27/27
 12926 | Elf:3    | Identified the amulet "Ceggen" {rC++ Regen+ Int-3 Dex+4 Slay+3} (You took it off a deep elf annihilator on level 3 of the Elven Halls)
 13037 | Elf:3    | Noticed a deep elf blademaster
 13056 | Elf:3    | Killed a deep elf blademaster
 13059 | Elf:3    | Identified the +3 chain mail "Waeggihe" {rF+ rC+} (You took it off a deep elf blademaster on level 3 of the Elven Halls)
 13111 | Elf:3    | Reached skill level 15 in Invocations
 13161 | Elf:3    | Got a flickering wooden ring
 13167 | Elf:3    | Lost mutation: You evolve. [evolution]
 13180 | Elf:3    | Identified the ring "Mueliarr" {Str+2 Int+2 Dex+3 Stlth-} (You took it off a deep elf sorcerer on level 3 of the Elven Halls)
 13242 | Elf:3    | Identified the +0 morningstar "Murmur" {venom, *Corrode rF+ Int+4} (You found it on level 3 of the Elven Halls)
 13245 | Elf:3    | Identified the cursed -5 shield of Valour {rCorr} (You found it on level 3 of the Elven Halls)
 13353 | Elf:3    | Learned a level 6 spell: Statue Form
 13438 | Elf:1    | Reached skill level 1 in Earth Magic
 13581 | Lair:2   | Reached skill level 1 in Transmutations
 13952 | Lair:3   | Gained Zartorak as an ally
 14058 | Lair:2   | Noticed kirsanium's ghost (novice DEFE)
 14063 | Lair:2   | Killed kirsanium's ghost
 14195 | Lair:2   | Found a staircase to the Shoals.
 14200 | Shoals:1 | Entered Level 1 of the Shoals
 14371 | Shoals:1 | Noticed Frances
 14381 | Shoals:1 | Killed Frances
 14592 | Shoals:2 | Reached skill level 5 in Earth Magic
 14795 | Shoals:3 | Noticed a kraken
 14991 | Shoals:4 | Entered Level 4 of the Shoals
 15043 | Shoals:4 | Reached skill level 5 in Transmutations
 15145 | Shoals:4 | Reached XP level 18. HP: 140/178 MP: 29/29
 15182 | Shoals:4 | Your ally Bogdar died
 15426 | Shoals:4 | Got a barnacled rune of Zot
 15885 | Spider:1 | Entered Level 1 of the Spider Nest
 15885 | Spider:1 | Noticed Kirke
 15891 | Spider:1 | Killed Kirke
 16352 | Spider:2 | Reached ****** piety under Beogh
 16390 | Spider:2 | Gained Zartorak as an ally
 16451 | Spider:2 | Gained Spirok as an ally
 16454 | Spider:2 | Reached skill level 10 in Earth Magic
 16462 | Spider:2 | Your ally Zartorak died
 16517 | Spider:2 | Your ally Spirok died
 16559 | Spider:2 | Identified the amulet "Ruer" {Reflect MR+ SH+2} (You found it on level 2 of the Spider Nest)
 16716 | Spider:3 | Noticed Azrael
 16734 | Spider:3 | Killed Azrael
 16884 | Spider:4 | Entered Level 4 of the Spider Nest
 17019 | Spider:4 | Reached XP level 19. HP: 147/185 MP: 0/30
 17689 | Spider:4 | Gained Grimold as an ally
 17705 | Spider:4 | HP: 9/185 [poisoned by a wolf spider]
 17705 | Spider:4 | HP: 1/185 [electric eel/bolt of electricity (5)]
 17705 | Spider:4 | Mangled by a wolf spider

Vault maps used:
D:1:      ncdulo_smallfort
D:2:      lemuel_crystal_altar, minmay_misc_feat_chi
D:3:      okawaru_gym_becter, nicolae_overflow_crystal_walls, marbit_many_paths
D:4:      kennysheep_mini, zin_statuary
D:5:      first_ration, grunt_ministairs_11, grunt_decor_one_mirror
D:6:      minmay_temple_entry_large_hall, serial_shops, shop, shop, shop_statue,
          shop, nicolae_shop_stone
D:7:      lemuel_round_altar, enter_bailey_3
D:8:      gammafunk_steamed_eel
D:9:      serial_undead, serial_undead_b, serial_undead_d, serial_undead_a,
          serial_undead_b, serial_undead_f, hangedman_fish_farm, uniq_erica
D:10:     dpeg_lair_monsters, david_orc_5, minivault_26, kennysheep_flooded_box
D:12:     serial_shops, shop, basic_altar, uniq_snorg, uniq_josephine,
          uniq_gastronok
D:13:     david_vaults_2, serial_shops, shop, shop, shop,
          nicolae_shop_behind_doors, nicolae_shop_crystal, st_stairs_3
D:14:     serial_bayou_pond_a
Lair:1:   grunt_megastairs_4
Lair:2:   elwin_shoals_entry_rooms, minivault_24, hibernation_bobbens
Lair:3:   eino_house_with_fridge, grunt_megastairs_2
Lair:4:   dpeg_oklob_gauntlet, spider_nest_entry_rubble
Lair:5:   beast_lair_carwin_large_2, slime_altar_1, serial_bayou_shore_b,
          grunt_megastairs_1
Lair:6:   hangedman_lair_tendril_chambers, guppyfry_lair_end_dragon,
          grunt_forest_large_clearings
Shoals:1: uniq_frances
Shoals:2: nicolae_shoals_siren_and_animal_friends
Shoals:3: nicolae_shoals_cliffside_cave
Shoals:4: shoals_end_grunt_garden, shoals_ilsuiw_alternative,
          nicolae_shoals_square_sea_wall, uniq_donald
Spider:1: nicolae_spider_mines_1, uniq_kirke
Spider:2: cheibrodos_forgotten_conduit, special_room
Spider:3: spiders_nest_scorpion_pit, nicolae_orb_stairs, uniq_azrael
Spider:4: spider_rune_water
Orc:1:    serial_shops, nicolae_shop_temple_entry_statues_fountains, shop, shop,
          shop
Orc:2:    pubby_orc_utopia
Elf:1:    eino_elf_arrival_shootout, enter_trove_1, serial_shops, shop,
          basic_altar, minmay_elf_crystal_hexagon, st_stairs_12,
          corexii_leaking_fountain, nicolae_elf_glass_and_crystal_pillar_1
Elf:3:    minmay_elf_hall_spiked, portal_ice_cave_entry_pillars_1, uniq_aizul,
          uniq_asterion
Abyss:2:  serial_sigils_hangedman_snap
Abyss:3:  evilmike_abyss_exit_chaos, minivault_22, minivault_20
Bailey:   bailey_polearm_3, bailey
IceCv:    ice_cave_caverns_03

Skill      XL: |  1  2  3  4  5  6  7  8  9 10 11 12 13 14 15 16 17 18 19 |
---------------+----------------------------------------------------------+-----
Fighting       | 4 5 6 7 9 10 12 13 16 20 | 20.2
Axes           | 5 6 7 8 9 10 12 15 17 19 20 | 20.0
Invocations    | 1 2 3 4 5 6 8 10 12 14 15 | 15.4
Charms         | 1 3 4 5 |  5.2
Necromancy     | 2 4 5 |  5.6
Spellcasting   | 1 2 3 4 5 6 |  6.0
Armour         | 3 5 7 11 | 11.0
Dodging        | 3 5 6 7 |  7.1
Translocations | 2 |  2.6
Earth Magic    | 7 10 11 | 11.8
Transmutations | 5 8 9 |  9.2
Stealth        | |  1.5

Action                   |  1- 3 |  4- 6 |  7- 9 | 10-12 | 13-15 | 16-18 | 19-21 || total
-------------------------+-------+-------+-------+-------+-------+-------+-------++-------
Melee: Hand axe          |    43 |    85 |   309 |    58 |       |       |       ||   495
       Battleaxe         |       |       |       |   461 |   819 |  1060 |   172 ||  2512
 Cast: Regeneration      |       |       |    12 |    89 |    39 |    95 |     2 ||   237
       Apportation       |       |       |       |       |       |     1 |       ||     1
Invok: Smiting           |     1 |       |    12 |    13 |    52 |    49 |    19 ||   146
       Convert to Beogh  |     1 |       |       |       |       |       |       ||     1
       Recall Orcish Fol |       |       |       |     1 |     3 |     8 |       ||    12
       Stop Recall       |       |       |       |       |     2 |     2 |       ||     4
       Give Item to Name |       |       |       |       |     1 |       |       ||     1
Evoke: Wand              |     3 |    23 |    16 |    15 |     1 |       |    10 ||    68
  Use: Potion            |     4 |       |     1 |     7 |     1 |     4 |       ||    17
       Scroll            |       |     9 |     3 |    20 |    10 |    21 |     2 ||    65
 Stab: Sleeping          |       |     1 |     3 |     3 |     3 |     2 |       ||    12
       Distracted        |       |       |       |     3 |     8 |    10 |       ||    21
  Eat: Chunk             |       |     1 |     8 |    16 |    13 |    22 |     2 ||    62
       Ration            |       |       |       |     4 |     3 |     3 |       ||    10
Armor: Robe              |     2 |       |       |    30 |       |       |       ||    32
       Ring mail         |     7 |    29 |       |       |       |       |       ||    36
       Leather armour    |       |       |    87 |    65 |       |       |       ||   152
       Skin              |       |       |       |    42 |       |       |       ||    42
       Troll leather arm |       |       |       |     9 |   223 |   419 |    83 ||   734
Dodge: Dodged            |    37 |    48 |   176 |   286 |   463 |   762 |   171 ||  1943
Block: Other             |       |     8 |    49 |    55 |    85 |    14 |       ||   211
       Reflection        |       |       |     1 |     2 |     1 |     1 |       ||     5

Table legend:
 A = Spawn XP
 B = Non-spawn XP
 C = Spawn XP percentage of total XP
 D = Spawn monster count
 E = Non-spawn monster count
 F = Spawn count percentage of total count
 G = Total turns spent on level
                    A         B        C        D         E        F      G
               +---------+---------+-------+---------+---------+-------+---------
         Total |   17138 |  332189 |   4.9 |      29 |    1113 |   2.5 | 17705
               +---------+---------+-------+---------+---------+-------+---------
           D:1 |       0 |      10 |   0.0 |       0 |       8 |   0.0 |   259
           D:2 |       0 |     112 |   0.0 |       0 |      15 |   0.0 |   409
           D:3 |       0 |     228 |   0.0 |       0 |       5 |   0.0 |   227
           D:4 |       0 |     325 |   0.0 |       0 |      12 |   0.0 |   543
           D:5 |       0 |     683 |   0.0 |       0 |      12 |   0.0 |   198
           D:6 |       0 |     143 |   0.0 |       0 |       8 |   0.0 |   367
           D:7 |       0 |     398 |   0.0 |       0 |      18 |   0.0 |   547
           D:8 |       0 |    1526 |   0.0 |       0 |      15 |   0.0 |   345
           D:9 |       0 |    1914 |   0.0 |       0 |      34 |   0.0 |   702
          D:10 |       0 |    2289 |   0.0 |       0 |      27 |   0.0 |   656
          D:11 |       0 |    2457 |   0.0 |       0 |      17 |   0.0 |   382
          D:12 |       0 |    7738 |   0.0 |       0 |      31 |   0.0 |   536
          D:13 |       0 |   11308 |   0.0 |       0 |      27 |   0.0 |   786
          D:14 |       0 |     536 |   0.0 |       0 |       6 |   0.0 |   128
        Lair:1 |       0 |    2870 |   0.0 |       0 |      15 |   0.0 |   368
        Lair:2 |       0 |    5484 |   0.0 |       0 |      21 |   0.0 |   522
        Lair:3 |       0 |    8517 |   0.0 |       0 |      46 |   0.0 |   496
        Lair:4 |       0 |    7532 |   0.0 |       0 |      29 |   0.0 |   395
        Lair:5 |       0 |   10482 |   0.0 |       0 |      43 |   0.0 |   360
        Lair:6 |       0 |   31303 |   0.0 |       0 |     134 |   0.0 |   730
      Shoals:1 |       0 |   11222 |   0.0 |       0 |      28 |   0.0 |   353
      Shoals:2 |       0 |   12113 |   0.0 |       0 |      24 |   0.0 |   293
      Shoals:3 |       0 |   10261 |   0.0 |       0 |      20 |   0.0 |   412
      Shoals:4 |       0 |   26373 |   0.0 |       0 |      49 |   0.0 |   516
      Spider:1 |       0 |   14452 |   0.0 |       0 |      36 |   0.0 |   335
      Spider:2 |       0 |   19548 |   0.0 |       0 |      69 |   0.0 |   411
      Spider:3 |       0 |   11307 |   0.0 |       0 |      31 |   0.0 |   253
      Spider:4 |       0 |   35637 |   0.0 |       0 |      80 |   0.0 |   821
         Orc:1 |       0 |    3156 |   0.0 |       0 |      19 |   0.0 |   401
         Orc:2 |       0 |   12899 |   0.0 |       0 |      82 |   0.0 |  1256
         Elf:1 |       0 |    5968 |   0.0 |       0 |      14 |   0.0 |   499
         Elf:2 |       0 |    2187 |   0.0 |       0 |       6 |   0.0 |    89
         Elf:3 |       0 |   52088 |   0.0 |       0 |      61 |   0.0 |  1755
       Abyss:2 |    8603 |    4899 |  63.7 |      14 |      13 |  51.9 |   380
       Abyss:3 |    8535 |    4650 |  64.7 |      15 |       7 |  68.2 |   446
         IceCv |       0 |    9574 |   0.0 |       0 |      51 |   0.0 |   514
               +---------+---------+-------+---------+---------+-------+---------
